 Dungeon Crawl Stone Soup version 0.17-a0-977-g4154171 (webtiles) character file.

114 Hanyuu the Insei (level 4, 0/28 HPs)
             Began as an Octopode Transmuter on May 10, 2015.
             Slain by a goblin
             ... wielding a +0 dagger
              (3 damage)
             ... on level 4 of the Dungeon.
             The game lasted 00:08:22 (2721 turns).

Hanyuu the Insei (Octopode Transmuter)              Turns: 2721, Time: 00:08:22

Health: 0/28       AC:  1    Str:  9      XL:     4   Next: 98%
Magic:  1/7        EV: 11    Int: 16      God:
Gold:   131        SH:  0    Dex:  3 (12) Spells: 3 memorised, 1 level left

rFire  . . .     SeeInvis +       - Unarmed
rCold  . . .     Clarity  .     (no shield)
rNeg   . . .     SustAb   .     (helmet restricted)
rPois  .         Gourm    .     (no amulet)
rElec  .         Spirit   .     s - ring of see invisible
rCorr  .         Warding  .     (no ring)
rMut   .         Stasis   .     (no ring)
MR     .....                    (no ring)
Stlth  ++........               (no ring)
                                (no ring)
                                (no ring)
                                (no ring)

@: very slightly contaminated, not resistant to hostile enchantments, unstealthy
A: almost no armour, amphibious, 8 rings, constrict 8, camouflage 1, gelatinous
body 1
a: no special abilities


You were on level 4 of the Dungeon.
You were not hungry.

You visited 1 branch of the dungeon, and saw 4 of its levels.

You collected 131 gold pieces.

Inventory:

Missiles
 a - 12 arrows
Jewellery
 s - a ring of see invisible (left tentacle)
Scrolls
 d - 3 scrolls of enchant weapon
 i - a scroll of amnesia {unknown}
 k - 2 scrolls of teleportation {unknown}
 o - 2 scrolls of fog
 t - a scroll of remove curse {unknown}
 u - a scroll of blinking {unknown}
 w - a scroll of immolation
Potions
 e - a potion of heal wounds {unknown}
 h - a potion of degeneration {unknown}
 j - 2 potions of curing
 m - a potion of cure mutation {unknown}
 n - a potion of agility {unknown}
 p - 2 potions of flight
 q - a potion of haste {unknown}
 v - 2 potions of poison {unknown}
 x - a potion of resistance {unknown}
Books
 b - a book of Changes

   Spells                             Type                      Level
   a - Beastly Appendage              Transmutation                1
   b - Sticks to Snakes               Transmutation                2
   c - Spider Form                    Transmutation/Poison         3
   d - Ice Form                       Ice/Transmutation            4
   e - Blade Hands                    Transmutation                5
Comestibles
 c - a bread ration
 f - a beef jerky
 g - 4 meat rations
 l - 4 fruits
 r - 2 chunks of flesh


   Skills:
 - Level 1.0 Fighting
 - Level 2.0 Dodging
 * Level 5.3 Unarmed Combat
 - Level 2.0 Spellcasting
 + Level 2.3 Transmutations


You had one spell level left.
You knew the following spells:

 Your Spells              Type           Power        Failure   Level  Hunger
a - Beastly Appendage     Trmt           #.....       10%         1    #......
b - Sticks to Snakes      Trmt           #.........   14%         2    ###....
c - Spider Form           Trmt/Pois      #.........   38%         3    ###....


Dungeon Overview and Level Annotations

Branches:
Dungeon (4/15)
 Temple: D:4-7

Altars:


Innate Abilities, Weirdness & Mutations

You cannot wear most types of armour.
You are amphibious.
You can wear up to eight rings at the same time.
You can use your tentacles to constrict eight enemies at once.
Your skin changes colour to match your surroundings (Stealth).
Your rubbery body absorbs attacks (AC +1).


Message History

Your transformation has ended.
The quasit bites you.
* * * LOW HITPOINT WARNING * * *
The quasit closely misses you. The quasit claws you.
* * * LOW HITPOINT WARNING * * *
You feel clumsy.
You tentacle-slap the quasit but do no damage.
Your grab misses the quasit.
The quasit is almost dead.
You kill the quasit!
You closely miss the goblin. Your grab misses the goblin.
The goblin closely misses you.
You barely miss the goblin. You grab the goblin. You constrict the goblin.
The goblin hits you with a dagger.
* * * LOW HITPOINT WARNING * * *
You tentacle-slap the goblin.
The goblin is almost dead.
You constrict the goblin, but do no damage.
The goblin hits you with a dagger.
You die...

..........
..........
.........
.........
........#
........# #.#
#g## ##@# #.##
##.# #####
#.####...##
##.##.....#
#.##.....#
#..#.....##
##.........###
#..###........


You could see a goblin.

Vanquished Creatures
  A quasit (D:4)
  3 gnolls
  2 worms
  3 giant geckos
  4 bats
  4 giant cockroaches
  5 goblins
  7 hobgoblins
  2 jackals (D:3)
  A ball python (D:1)
  A giant newt (D:1)
  8 kobolds
  3 rats
44 creatures vanquished.

Vanquished Creatures (others)
  A rat (D:3)
1 creature vanquished.

Grand Total: 45 creatures vanquished

Notes
Turn   | Place    | Note
--------------------------------------------------------------
     0 | D:1      | Hanyuu, the Octopode Transmuter, began the quest for the Orb.
     0 | D:1      | Reached XP level 1. HP: 13/13 MP: 3/3
   172 | D:1      | Reached XP level 2. HP: 1/18 MP: 3/5
  1081 | D:2      | Reached skill level 4 in Unarmed Combat
  1085 | D:2      | Learned a level 2 spell: Sticks to Snakes
  1207 | D:2      | Reached XP level 3. HP: 5/23 MP: 6/6
  1212 | D:2      | Learned a level 3 spell: Spider Form
  2025 | D:3      | Reached XP level 4. HP: 17/28 MP: 1/7
  2431 | D:3      | Reached skill level 5 in Unarmed Combat
  2721 | D:4      | Slain by a goblin

Vault maps used:
D:1:      minmay_arrival_widening_spiral_wide
D:3:      serial_bayou_lagoon_a, lemuel_old_faithful
D:4:      kennysheep_little_box, zin_statuary, nicolae_gozag_seed_capital,
          nicolae_ru_path_of_blood, overflow_temple_1_default

Action                   |  1- 3 |  4- 6 || total
-------------------------+-------+-------++-------
Melee: Unarmed           |    74 |    62 ||   136
 Cast: Beastly Appendage |     2 |     1 ||     3
       Spider Form       |     1 |     4 ||     5
  Use: Scroll            |     6 |       ||     6
 Stab: Sleeping          |     3 |       ||     3
  Eat: Chunk             |     4 |     3 ||     7
